 Dungeon Crawl Stone Soup version 0.31-a0-221-gbddc013574 (webtiles) character file.

Game seed: 4042164296106441555

85 qw the Shooter (level 4, -2/36 HPs)
             Began as a Minotaur Hexslinger on July 3, 2023.
             Slain by Pargi (4 damage)
             ... on level 3 of the Dungeon.
             The game lasted 00:00:36 (1592 turns).

qw the Shooter (Minotaur Hexslinger)                Turns: 1592, Time: 00:00:36

Health: -2/36      AC:  5    Str: 13    XL:     4   Next: 25%
Magic:  4/4        EV: 12    Int: 10    God:
Gold:   140        SH:  0    Dex: 14    Spells: 4/5 levels left

rFire   . . .        Y - +1 sling
rCold   . . .        (no shield)
rNeg    . . .        j - +0 leather armour
rPois   .            (helmet restricted)
rElec   .            (no cloak)
rCorr   .            d - +0 pair of gloves
SInv    .            c - +0 pair of boots
Will    .....        (no amulet)
Stlth   +            (no ring)
HPRegen 0.26/turn    (no ring)
MPRegen 0.09/turn

%: no passive effects
@: no status effects
A: horns 2, retaliatory headbutt
a: no special abilities


You were on level 3 of the Dungeon.
You visited 1 branch of the dungeon, and saw 3 of its levels.

You collected 140 gold pieces.


Innate Abilities, Weirdness & Mutations

You have a pair of horns on your head.
You reflexively headbutt those who attack you in melee.


   Skills:
 - Level 2.0 Fighting
 + Level 4.8 Ranged Weapons
 - Level 2.1 Dodging
 - Level 1.0 Spellcasting
 - Level 2.0 Hexes


You had 4 spell levels left.
You knew the following spells:

 Your Spells              Type           Power      Damage    Failure   Level
a - Slow                  Hex            16%        N/A       19%         1

Your spell library contained the following spells:

 Spells                   Type           Power      Damage    Failure   Level
 Inner Flame              Hex/Fire       2%         N/A       65%         3
 Portal Projectile        Hex/Tloc       4%         N/A       65%         3
 Cause Fear               Hex            2%         N/A       88%         4

Inventory:

Hand Weapons
 Y - a +1 sling (weapon)
Armour
 c - a +0 pair of boots (worn)
 d - a +0 pair of gloves (worn)
 j - a +0 leather armour (worn)
Scrolls
 f - a scroll of identify
Potions
 a - a potion of mutation {unknown}
 b - a potion of berserk rage {unknown}
 e - a potion of might {unknown}
 g - a potion of enlightenment

Dungeon Overview and Level Annotations

Branches:
Dungeon (3/15)

Altars:
Ashenzari

Annotations:
D:3 Pargi


Message History

Pargi completely misses you. You furiously retaliate!
You headbutt Pargi. Pargi claws you. Pargi claws you but does no damage.
You shoot a sling bullet. The sling bullet closely misses Pargi.
Pargi closely misses you. You furiously retaliate!
You headbutt Pargi! Pargi claws you but does no damage. Pargi claws you.
You shoot a sling bullet. The sling bullet closely misses Pargi.
Pargi bites you. Pargi barely misses you. Pargi closely misses you.
Pargi bites you. Pargi completely misses you. Pargi closely misses you.
You shoot a sling bullet. The sling bullet barely misses Pargi.
Pargi barely misses you. Pargi claws you. Pargi barely misses you.
You shoot a sling bullet. The sling bullet misses Pargi.
Pargi completely misses you. Pargi claws you but does no damage.
Pargi closely misses you.
You shoot a sling bullet. The sling bullet hits Pargi!
Pargi is severely wounded.
Pargi closely misses you. You furiously retaliate!
You headbutt Pargi. Pargi barely misses you.
Pargi claws you but does no damage.
You shoot a sling bullet.
The sling bullet hits Pargi but does no damage.
Pargi is severely wounded.
Pargi barely misses you. Pargi claws you but does no damage. x2
You shoot a sling bullet. The sling bullet barely misses Pargi.
Pargi bites you. Pargi barely misses you. Pargi claws you but does no damage.
You shoot a sling bullet. The sling bullet hits Pargi.
Pargi is severely wounded.
Pargi closely misses you. x2; Pargi barely misses you. x2
Pargi claws you but does no damage. Pargi misses you.
You shoot a sling bullet. The sling bullet closely misses Pargi.
Pargi bites you. Pargi closely misses you. Pargi completely misses you.
You shoot a sling bullet. The sling bullet barely misses Pargi.
Pargi barely misses you. You furiously retaliate!
You headbutt Pargi. Pargi claws you but does no damage. x2
You shoot a sling bullet. The sling bullet hits Pargi.
Pargi is severely wounded.
Pargi bites you. Pargi closely misses you. Pargi claws you but does no damage.
You shoot a sling bullet.
The sling bullet hits Pargi but does no damage.
Pargi is severely wounded.
Pargi barely misses you. Pargi closely misses you. Pargi claws you.
You die...

.... ... # ...
.## ..## ..#
#..# #..
#..###
##.##T...# #
#.#..@...#..
#. #
.##.........
#.#.
##.#..+####..
#.).##..#...#
#...%....#
...##.....##.#
........####.#
.######.#....#
#...####


You could see Pargi.

Vanquished Creatures
  Jessica (D:3)
  2 adders
  An orc (D:3)
  A bat (D:1)
  6 endoplasms
  2 giant cockroaches (D:1)
  3 goblins
  2 hobgoblins
  2 quokkas
  6 ball pythons
  4 frilled lizards (D:1)
  3 kobolds
  6 rats
39 creatures vanquished.

Notes
Turn   | Place    | Note
-------+----------+-------------------------------------------
     0 | D:1      | qw the Minotaur Hexslinger began the quest for the Orb.
     0 | D:1      | Reached XP level 1. HP: 16/16 MP: 1/1
     0 | D:1      | 0 ||| qw: Version: 0.3-a-40-ge99b1a8
     0 | D:1      | 0 ||| qw: Game counter: 626
     0 | D:1      | 0 ||| qw: Melee chars always use a shield: true
     0 | D:1      | 0 ||| qw: God list: Okawaru
     0 | D:1      | 0 ||| qw: Allow faded altars: false
     0 | D:1      | 0 ||| qw: Do Orc after clearing Dungeon:15 true
     0 | D:1      | 0 ||| qw: Do second Lair branch before Depths: true
     0 | D:1      | 0 ||| qw: Lair rune preference: random
     0 | D:1      | 0 ||| qw: Goals: Normal
     0 | D:1      | 0 ||| PLANNING D:1-11
   144 | D:1      | Reached skill level 3 in Ranged Weapons
   186 | D:1      | Reached XP level 2. HP: 23/23 MP: 2/2
   855 | D:1      | 855 ||| UPGRADING to +0 leather armour.
   865 | D:1      | 865 ||| DROPPING +0 robe.
   866 | D:1      | 866 ||| DROPPING amulet of magic regeneration.
   867 | D:1      | 867 ||| READING 2 scrolls labelled LOUPROAHITA.
   868 | D:1      | 868 ||| READING 2 scrolls labelled KUNOLO NOYTREM.
   869 | D:1      | 869 ||| READING scroll labelled GAAQA PISYRUX.
   870 | D:1      | 870 ||| DRINKING 2 orange potions.
   871 | D:1      | 871 ||| DROPPING scroll of blinking.
   872 | D:1      | 872 ||| DROPPING scroll of poison.
  1075 | D:2      | Reached XP level 3. HP: 29/29 MP: 3/3
  1082 | D:2      | Found a faded altar of an unknown god.
  1170 | D:2      | Reached skill level 4 in Ranged Weapons
  1345 | D:2      | 1345 ||| UPGRADING to +0 pair of boots.
  1350 | D:2      | 1350 ||| UPGRADING to +0 pair of gloves.
  1355 | D:2      | 1355 ||| READING 3 scrolls labelled GEGAEC XUSHRAVUZIWK.
  1356 | D:2      | 1356 ||| DROPPING 2 scrolls of revelation.
  1380 | D:3      | Noticed Jessica
  1387 | D:3      | Killed Jessica
  1388 | D:3      | Reached XP level 4. HP: 24/36 MP: 4/4
  1494 | D:3      | 1494 ||| FLEEEEING.
  1495 | D:3      | 1495 ||| FLEEEEING.
  1497 | D:3      | 1497 ||| FLEEEEING.
  1498 | D:3      | 1498 ||| FLEEEEING.
  1499 | D:3      | 1499 ||| FLEEEEING.
  1500 | D:3      | 1500 ||| FLEEEEING.
  1501 | D:3      | 1501 ||| FLEEEEING.
  1546 | D:3      | Found a broken altar of Ashenzari.
  1572 | D:3      | Noticed Pargi
  1587 | D:3      | HP: 9/36 [Pargi (6)]
  1591 | D:3      | HP: 2/36 [Pargi (6)]
  1592 | D:3      | Slain by Pargi

Levels and vault maps discovered:
D:1:      nzn_arrival_water_spiral, layout_basic
D:2:      layout_basic, shapermc_ecumenical_altar_totnotflames,
          hangedman_decor_growths
D:3:      minmay_spotlight, layout_basic, ashenzari_altar_1,
          mainiacjoe_overflow_24_doors, minmay_pentomino_pile, uniq_jessica,
          uniq_sigmund, uniq_crazy_yiuf_cottage, uniq_pargi

Skill      XL: |  1  2  3 |
---------------+----------+-----
Ranged Weapons | 3 4 |  4.8
Fighting       | 2 |  2.0
Dodging        | |  2.1
Spellcasting   | |  1.0
Hexes          | |  2.0

Action                     |  1- 3 |  4- 6 || total
---------------------------+-------+-------++-------
   Fire: Sling             |    90 |    35 ||   125
    Use: Scroll            |     4 |       ||     4
         Potion            |     1 |       ||     1
 Armour: Robe              |     5 |       ||     5
         Leather armour    |     4 |    16 ||    20
  Dodge: Dodged            |    20 |    35 ||    55

Table legend:
 A = Non-vault XP
 B = Vault XP
 C = Vault XP percentage of total XP
 D = Non-vault monster count
 E = Vault monster count
 F = Vault count percentage of total count
                 A         B        C        D         E       F
            +---------+---------+-------+---------+---------+-------
      Total |      80 |      42 |  34.4 |      36 |       3 |   7.7
            +---------+---------+-------+---------+---------+-------
        D:1 |      32 |       0 |   0.0 |      21 |       0 |   0.0
        D:2 |      32 |       0 |   0.0 |      12 |       0 |   0.0
        D:3 |      16 |      42 |  72.4 |       3 |       3 |  50.0
            +---------+---------+-------+---------+---------+-------
